 Dungeon Crawl Stone Soup version 0.30-a0-605-gb2882149bf (webtiles) character file.

Game seed: 13116300694979101765

354 bjtr the Digger (level 6, -1/32 HPs)
             Began as a Gargoyle Earth Elementalist on Jan 8, 2023.
             Slain by an orc wizard
             ... wielding a +0 dagger
              (4 damage)
             ... on level 4 of the Dungeon.
             The game lasted 00:15:02 (3162 turns).

bjtr the Digger (Gargoyle Earth Elementalist)       Turns: 3162, Time: 00:15:03

Health: -1/32      AC:  9    Str: 11    XL:     6   Next: 63%
Magic:  8/11       EV: 12    Int: 18    God:
Gold:   143        SH:  0    Dex: 16    Spells: 6/12 levels left

rFire   + . .      SeeInvis .    v - +2 flail (protect)
rCold   . . .      Faith    .    (no shield)
rNeg    + . .      Spirit   .    A - +2 animal skin
rPois   ∞          Reflect  .    B - +0 helmet
rElec   +          Harm     .    (no cloak)
rCorr   .          Rampage  .    (no gloves)
Will    .....                    (no boots)
Stlth   ++                       (no amulet)
HPRegen 0.25/turn                j - +6 ring of dexterity
MPRegen 0.12/turn                s - ring of protection from fire

@: no status effects
A: sickness immunity, AC +4, negative energy resistance 1, electricity
resistance, torment resistance 1, petrification resistance
a: no special abilities


You were on level 4 of the Dungeon.
You visited 1 branch of the dungeon, and saw 4 of its levels.

You collected 143 gold pieces.

Inventory:

Hand Weapons
 f - a +0 short sword
 u - a +0 war axe
 v - a +2 flail of protection (weapon)
 x - a +3 dagger
 y - a +0 sling
Missiles
 g - 61 stones
 t - 2 poisoned darts (quivered)
 w - 3 boomerangs
Armour
 h - a +0 leather armour
 A - a +2 animal skin (worn)
 B - a +0 helmet (worn)
Jewellery
 j - a +6 ring of dexterity (left hand)
 s - a ring of protection from fire (right hand)
Scrolls
 c - 4 scrolls of teleportation
 e - a scroll of silence
 k - 2 scrolls of torment {unknown}
 m - a scroll of blinking {unknown}
 n - 3 scrolls of identify {unknown}
 o - 2 scrolls of noise {unknown}
 q - 2 scrolls of immolation {unknown}
Potions
 a - a potion of curing {unknown}
 d - a potion of lignification {unknown}
 i - a potion of haste {unknown}
 l - a potion of mutation {unknown}
 p - a potion of ambrosia {unknown}
 r - a potion of attraction {unknown}
 z - a potion of heal wounds {unknown}


   Skills:
 * Level 1.9 Armour
 + Level 2.0 Dodging
 + Level 2.6 Stealth
 + Level 3.5 Spellcasting
 * Level 1.9 Conjurations
 - Level 0.7 Transmutations
 * Level 6.4 Earth Magic


You had 6 spell levels left.
You knew the following spells:

 Your Spells              Type           Power      Damage    Failure   Level
a - Sandblast             Erth           52%        2d12      1%          1
b - Passwall              Tmut/Erth      13%        N/A       5%          2
c - Stone Arrow           Conj/Erth      36%        3d9       9%          3

Your spell library contained the following spells:

 Spells                   Type           Power      Damage    Failure   Level
 Wereblood                Tmut           5%         N/A       17%         2
 Petrify                  Tmut/Erth      16%        N/A       34%         4
 Leda's Liquefaction      Hex/Erth       7%         N/A       38%         4
 Call Canine Familiar     Summ           3%         N/A       43%         3
 Portal Projectile        Hex/Tloc       6%         N/A       43%         3
 Tukima's Dance           Hex            3%         N/A       43%         3
 Vhi's Electric Charge    Tloc/Air       6%         N/A       43%         3
 Borgnjor's Vile Clutch   Necr/Erth      7%         N/A       75%         5
 Arcjolt                  Conj/Air       3%         1d13      96%         5
 Blade Hands              Tmut           2%         N/A       97%         5
 Alistair's Intoxication  Tmut/Pois      2%         N/A       98%         5
 Eringya's Noxious Bog    Tmut/Pois      2%         N/A       100%        6
 Summon Hydra             Summ           1%         N/A       100%        7
 Maxwell's Capacitive Co  Air            1%         ∞         100%        8
 Sublimation of Blood     Necr           Unusable   N/A       N/A         2

Dungeon Overview and Level Annotations

Branches:
Dungeon (4/15)
 Temple: D:4-7

Altars:
Fedhas


Innate Abilities, Weirdness & Mutations

You are immune to sickness and miasma.
Your stone body is resilient. (AC +4)
You are immune to poison.
You resist negative energy. (rN+)
You are resistant to electric shocks. (rElec)
You are resistant to unholy torment.
You are immune to petrification.


Message History

You hit the orc wizard.
The orc wizard is lightly wounded.
The orc wizard gestures at you while chanting.
The magic dart hits you!
The orc wizard hits you but does no damage.
The orc hits you from afar with a +0 trident.
You hit the orc wizard but do no damage.
The orc wizard is lightly wounded.
The orc hits you from afar with a +0 trident.
* * * LOW HITPOINT WARNING * * *
The orc wizard attacks as you move away!
The orc wizard hits you but does no damage.
Magic courses through your body.
The orc wizard hits you but does no damage.
Casting: Sandblast (safe; 1% risk of failure)
Confirm with . or Enter, or press ? or * to list all spells.
Aiming: Sandblast (safe; 1% risk of failure)
Press: ? - help, Shift-Dir - straight line, f - orc wizard
Aim: an orc wizard, wielding a +0 dagger and wearing a +0 robe (lightly wounded, 79% to hit)
The blast of sand hits the orc wizard!
The orc wizard is severely wounded.
The orc wizard completely misses you.
The orc wizard gestures wildly while chanting.
The orc wizard flickers and vanishes!
Deactivating autopickup; reactivate with Ctrl-A.
You barely miss something.
You hear some strange, mumbled words.
A puff of flame appears from out of thin air!
The puff of flame hits you. You resist.
* * * LOW HITPOINT WARNING * * *
Casting: Sandblast (safe; 1% risk of failure)
Confirm with . or Enter, or press ? or * to list all spells.
Aiming: Passwall (safe; 5% risk of failure)
Press: ? - help, Dir - move target A rock wall.
Something hits you.
* * * LOW HITPOINT WARNING * * *
You begin to meditate on the wall.
You continue meditating on the rock.
Something hits you.
You die...

##.######.....# #.#
#####.###### #.#
#....... #.# ########
#.# #... ###.#####
####.##
#.......#######......
#.#.###.##......#..##
#..#@## #......#..##
#.###{# #....†......
#..#)##.##......#..#.
#..oo.>.##......#..#.
####o##########......
#.# ####.#. #.# #.#.
#.# #... ... ######


There were no monsters in sight!

Vanquished Creatures
  A howler monkey (D:4)
  A jelly (D:4)
  2 orc priests (D:4)
  2 orc wizards
  Robin (D:4)
  6 adders
  2 worms
  A dart slug (D:1)
  12 orcs
  8 endoplasms
  4 giant cockroaches
  17 goblins
  7 hobgoblins
  4 quokkas
  8 ball pythons
  4 bats
  A frilled lizard (D:2)
  8 kobolds
  6 rats
95 creatures vanquished.

Notes
Turn   | Place    | Note
-------+----------+-------------------------------------------
     0 | D:1      | bjtr the Gargoyle Earth Elementalist began the quest for
                  | the Orb.
     0 | D:1      | Reached XP level 1. HP: 10/10 MP: 3/3
   125 | D:1      | Reached skill level 4 in Earth Magic
   208 | D:1      | Reached XP level 2. HP: 15/15 MP: 3/5
   637 | D:1      | Reached XP level 3. HP: 19/19 MP: 4/6
  1002 | D:1      | You fall into a shaft and drop 1 floor!
  1280 | D:2      | Reached skill level 1 in Armour
  1459 | D:2      | Reached XP level 4. HP: 24/24 MP: 3/7
  1923 | D:3      | Reached skill level 5 in Earth Magic
  1968 | D:3      | Learned a level 2 spell: Passwall
  1972 | D:3      | Learned a level 3 spell: Stone Arrow
  1984 | D:3      | Reached XP level 5. HP: 28/28 MP: 6/9
  2211 | D:3      | Reached skill level 1 in Conjurations
  2796 | D:4      | Noticed Robin
  2803 | D:4      | Killed Robin
  2806 | D:4      | Reached skill level 6 in Earth Magic
  2806 | D:4      | Reached XP level 6. HP: 32/32 MP: 1/10
  2946 | D:4      | Found a blossoming altar of Fedhas.
  3162 | D:4      | Slain by an orc wizard

Illustrated notes

Levels and vault maps discovered:
D:1:      dpeg_arrival_ternary, layout_basic, chequers_serial_rivers_room_a,
          nrook_mini_vaults, serial_bayou_pond_e, minmay_octomino_c4
D:2:      layout_rooms
D:3:      layout_basic, hangedman_decor_opposing
D:4:      layout_loops_cross, fedhas_altar_2, kennysheep_generic_room_11,
          uniq_edmund, uniq_robin

Skill      XL: |  1  2  3  4  5  6 |
---------------+-------------------+-----
Earth Magic    | 4 5 6 |  6.4
Armour         | 1 |  1.9
Conjurations   | 1 |  1.9
Spellcasting   | 3 |  3.5
Dodging        | 2 |  2.0
Stealth        | |  2.6
Transmutations | |  0.7

Action                   |  1- 3 |  4- 6 || total
-------------------------+-------+-------++-------
Melee: Short sword       |       |     5 ||     5
       Flail             |       |    21 ||    21
Throw: Dart              |       |     1 ||     1
 Cast: Sandblast         |    52 |    74 ||   126
       Passwall          |       |     1 ||     1
  Use: Scroll            |       |     2 ||     2
       Potion            |       |     1 ||     1
 Stab: Sleeping          |       |     1 ||     1
Armor: Leather armour    |     6 |    14 ||    20
       Animal skin       |       |    10 ||    10
Dodge: Dodged            |     6 |    53 ||    59

Table legend: (Time is in decaauts)
 A = Elapsed time spent in this place.
 B = Non-inter-level travel time spent in this place.
 C = Inter-level travel time spent in this place.
 D = Time resting spent in this place.
 E = Time spent auto-exploring this place.
 F = Levels seen in this place.
 G = Mean time per level.
                   A        B        C        D        E       F      G
               +--------+--------+--------+--------+--------+-----+--------+
         Total |   3235 |   3161 |     74 |    504 |   1992 |   4 |  808.8 |
       Dungeon |   3235 |   3161 |     74 |    504 |   1992 |   4 |  808.8 |
               +--------+--------+--------+--------+--------+-----+--------+

Top non-repeatable levels by time:
     D:1: 1140 daAuts
     D:3: 921 daAuts
     D:4: 597 daAuts
     D:2: 576 daAuts
